 Seeded DCSS version 0.28.0 (webtiles) character file.

Game seed: 10379525442082979767 (custom seed)

4032 hikkokomori the Arsonist (level 10, -5/78 (79) HPs)
             Began as a Formicid Cinder Acolyte on Feb 16, 2022.
             Was a Believer of Ignis.
             Slain by an orc warrior (9 damage)
             ... on level 7 of the Dungeon.
             The game lasted 00:21:08 (10312 turns).

hikkokomori the Arsonist (Formicid Cinder Acolyte) Turns: 10312, Time: 00:21:08

HP:   -5/78 (79)    AC: 19    Str: 19    XL:     10   Next: 48%
MP:   5/19          EV: 10    Int: 18    God:    Ignis [**....]
Gold: 303           SH:  3    Dex:  6    Spells: 15/21 levels left

rFire   + . .      SeeInvis +   C - +4 quarterstaff (chaos)
rCold   + . .      Faith    .   G - +0 buckler
rNeg    . . .      Spirit   .   w - +3 leather armour {rC+}
rPois   .          Reflect  .   (helmet unavailable)
rElec   .          Harm     .   y - +1 cloak
rCorr   .          Rampage  .   (no gloves)
Will    +....                   (no boots)
Stlth   +++.......              (no amulet)
HPRegen 0.23/turn               x - +4 ring of protection
MPRegen 0.16/turn               (no ring)

@: fiery-armoured, lightly drained
A: permanent stasis, dig shafts and tunnels, antennae 3, four strong arms
a: Dig, Shaft Self, Renounce Religion, Fiery Armour, Foxfire Swarm, Rising Flame


You were on level 7 of the Dungeon.
You worshipped Ignis.
Ignis was pleased with you.
You visited 2 branches of the dungeon, and saw 8 of its levels.

You collected 303 gold pieces.

Inventory:

Hand Weapons
 a - a -1 spear of flaming
 j - a +0 halberd
 q - a +1 vampiric spear
 A - the +2 mace of Diuhoroo {freeze, rC+ SInv}
   (You found it on level 6 of the Dungeon)

   It freezes those it strikes, dealing additional cold damage.
   It can also slow down cold-blooded creatures.
   rC:        It protects you from cold.
   SInv:      It lets you see invisible.
 C - a +4 quarterstaff of chaos (weapon)
 D - a +3 halberd of freezing
Missiles
 o - 56 stones
Armour
 b - a +0 robe
 h - a +0 chain mail
 w - a +3 leather armour of cold resistance (worn)
 y - a +1 cloak (worn)
 G - a +0 buckler (worn)
Jewellery
 x - a +4 ring of protection (left hand)
Wands
 d - a wand of iceblast (6)
Scrolls
 e - 2 scrolls of teleportation
 f - 2 scrolls of immolation {unknown}
 g - a scroll of brand weapon {unknown}
 i - a scroll of silence {unknown}
 l - 3 scrolls of magic mapping {unknown}
 m - a scroll of blinking {unknown}
 n - a scroll of torment
 p - 2 scrolls of enchant weapon {unknown}
 r - a scroll of fog {unknown}
 t - a scroll of amnesia {unknown}
 u - 2 scrolls of fear {unknown}
 E - a scroll of acquirement {unknown}
 F - a scroll of identify
Potions
 c - 3 potions of degeneration
 k - 2 potions of brilliance {unknown}
 s - a potion of attraction {unknown}
 v - a potion of resistance
 z - a potion of ambrosia {unknown}
 B - 2 potions of flight {unknown}


   Skills:
 + Level 7.3 Fighting
 - Level 5.4 Polearms
 + Level 1.3 Armour
 + Level 1.0 Dodging
 - Level 7.1 Stealth
 + Level 1.4 Shields
 - Level 6.1 Spellcasting
 - Level 9.5 Fire Magic


You had 15 spell levels left.
You knew the following spells:

 Your Spells              Type           Power      Damage    Failure   Level
a - Scorch                Fire           78%        2d8       1%          2
b - Sticky Flame          Conj/Fire      22%        2d4       26%         4

Your spell library contained the following spells:

 Spells                   Type           Power      Damage    Failure   Level
 Static Discharge         Conj/Air       5%         N/A       26%         2
 Dispel Undead            Necr           5%         3d7       87%         4


Dungeon Overview and Level Annotations

Branches:
Dungeon (7/15)             Temple (1/1) D:6

Altars:
Ashenzari
Dithmenos
Elyvilon
Fedhas
Gozag
Hepliaklqana
Kikubaaqudgha
Makhleb
Nemelex Xobeh
Okawaru
Qazlal
Ru
Sif Muna
Trog
Uskayaw
Vehumet
Wu Jian
Xom
Yredelemnul
Zin
The Shining One

Shops:
D:3 ?


Innate Abilities, Weirdness & Mutations

You cannot be hasted, slowed, berserked, paralysed or teleported.
You can dig through walls and to a lower floor.
You have a pair of large antennae on your head. (SInv)
Your four strong arms can wield two-handed weapons with a shield.


Message History

The orc warrior is heavily wounded.
You sock the orc warrior!
The orc warrior is almost dead.
The orc warrior completely misses you.
You barely miss the orc warrior.
The orc warrior is almost dead.
The orc warrior hits you but does no damage.
You barely miss the orc warrior.
The orc warrior is almost dead.
The orc warrior hits you but does no damage. x2
The orc warrior is burned by your cloak of flames.
You kill the orc warrior!
Your Dodging skill increases to level 1!
Unknown command.
You start resting.
An orc warrior is nearby!
You hit the orc warrior but do no damage.
The orc warrior hits you with a +0 short sword.
* * * LOW HITPOINT WARNING * * *
The orc warrior is burned by your cloak of flames.
The orc warrior is lightly wounded.
The orc warrior hits you but does no damage.
The orc warrior is burned by your cloak of flames.
The orc warrior is moderately wounded.
You closely miss the orc warrior.
The orc warrior is moderately wounded.
The orc warrior hits you but does no damage.
The orc warrior is burned by your cloak of flames.
The orc warrior is moderately wounded.
You barely miss the orc warrior.
The orc warrior is moderately wounded.
You block the orc warrior's attack.
You sock the orc warrior! You burn the orc warrior.
The orc warrior is almost dead.
The orc warrior hits you with a +0 short sword!
* * * LOW HITPOINT WARNING * * *
You closely miss the orc warrior.
The orc warrior is almost dead.
The orc warrior hits you with a +0 short sword!
You die...

##.........#.ooo.o.#
##.####.####ooooo##
#.# #.# #8o{{8# #.#
#.#####{{{## #.#
#...####{## #.#
#.#...##{# #.#
#.###..{{##
####.####.# #.###o#
..........# #.##@##
##..#.##### #.####
#....# #.# ##.#.##
#.# ...#.# #.#
####.#### #.#
###.....#####.##
....###....##..#
#...######..##.#


You could see an orc warrior.

Vanquished Creatures
  A two-headed ogre (D:7)
  Pikel (D:6)
  Prince Ribbit (D:5)
  Grinder (D:6)
  Sigmund (D:3)
  Eustachio (D:4)
  Edmund (D:4)
  Duvessa (D:5)
  A water moccasin (D:5)
  3 orc warriors (D:7)
  A sky beast (D:5)
  An ice beast (D:5)
  2 ogres
  2 lemures (D:6)
  Blork the orc (D:4)
  A bullfrog (D:6)
  A scorpion (D:6)
  A water moccasin zombie (D:6)
  Dowan (D:5)
  5 killer bees
  An oklob sapling (D:6)
  5 wights (D:6)
  A centaur zombie (D:5)
  A bullfrog zombie (D:6)
  An orc priest (D:5)
  Crazy Yiuf (D:6)
  A bullfrog skeleton (D:5)
  3 iguanas
  Ijyb (D:5)
  2 orc wizards
  A howler monkey zombie (D:6)
  Robin (D:4)
  8 gnolls
  4 adders
  An adder skeleton (D:4)
  A worm (D:3)
  4 dart slugs
  14 orcs
  An endoplasm (D:3)
  5 giant cockroaches
  13 goblins
  4 hobgoblins
  2 jackals (D:4)
  2 quokkas
  8 ball pythons
  9 bats
  11 frilled lizards
  8 kobolds
  3 rats
145 creatures vanquished.

Vanquished Creatures (collateral kills)
  A water moccasin zombie (D:6)
1 creature vanquished.

Vanquished Creatures (others)
  6 foxfires (D:5)
  6 plants
12 creatures vanquished.

Grand Total: 158 creatures vanquished

Notes
Turn   | Place    | Note
-------+----------+-------------------------------------------
     0 | D:1      | hikkokomori the Formicid Cinder Acolyte began the quest for
                  | the Orb.
     0 | D:1      | Reached XP level 1. HP: 18/18 MP: 2/2
   214 | D:1      | Reached XP level 2. HP: 17/24 MP: 4/4
   830 | D:2      | Learned a level 2 spell: Scorch
   888 | D:2      | Reached XP level 3. HP: 29/29 MP: 2/6
  1603 | D:2      | Reached XP level 4. HP: 35/35 MP: 2/7
  2050 | D:3      | Found Vynolin's Magic Scroll Boutique.
  2159 | D:3      | Reached skill level 4 in Fire Magic
  2521 | D:3      | Noticed Sigmund
  2549 | D:3      | Killed Sigmund
  2550 | D:3      | Reached skill level 5 in Fire Magic
  2550 | D:3      | Reached XP level 5. HP: 17/41 MP: 0/11
  2550 | D:3      | Reached XP level 6. HP: 20/47 MP: 0/12
  2986 | D:3      | Found a faded altar of an unknown god.
  4005 | D:4      | Noticed Blork the orc
  4019 | D:4      | Killed Blork the orc
  4020 | D:4      | Reached XP level 7. HP: 34/53 MP: 6/13
  4220 | D:4      | Noticed Robin
  4227 | D:4      | Killed Robin
  4727 | D:4      | Noticed Edmund
  4740 | D:4      | Killed Edmund
  5398 | D:5      | Entered Level 5 of the Dungeon
  5398 | D:5      | Noticed Eustachio
  5407 | D:4      | Reached skill level 5 in Spellcasting
  5911 | D:5      | Noticed Ijyb
  5911 | D:5      | Noticed a water moccasin
  6060 | D:5      | Reached XP level 8. HP: 23/61 MP: 0/15
  6248 | D:5      | Reached skill level 5 in Fighting
  6248 | D:5      | Reached skill level 6 in Fire Magic
  6659 | D:5      | Killed Ijyb
  6829 | D:4      | Killed Eustachio
  6830 | D:4      | Reached skill level 5 in Polearms
  7120 | D:5      | Noticed Prince Ribbit
  7127 | D:5      | Killed Prince Ribbit
  7128 | D:5      | Reached XP level 9. HP: 66/69 MP: 7/18
  7137 | D:5      | Noticed Duvessa
  7325 | D:5      | Reached skill level 1 in Stealth
  7475 | D:5      | Noticed Dowan
  7485 | D:5      | Killed Dowan
  7486 | D:5      | Reached skill level 7 in Fire Magic
  7488 | D:5      | Killed Duvessa
  7755 | D:6      | Noticed Grinder
  7764 | D:6      | Killed Grinder
  8099 | D:6      | Found a staircase to the Ecumenical Temple.
  8117 | Temple   | Entered the Ecumenical Temple
  8269 | D:6      | Identified the +2 mace of Diuhoroo {freeze, rC+ SInv}
  8271 | D:6      | Found a runed translucent door.
  8272 | D:6      | Noticed Crazy Yiuf
  8278 | D:6      | Killed Crazy Yiuf
  8371 | D:6      | Reached skill level 5 in Stealth
  8595 | D:6      | Noticed Pikel
  8613 | D:6      | Killed Pikel
  8614 | D:6      | Reached skill level 8 in Fire Magic
  8673 | D:6      | Reached XP level 10. HP: 60/76 MP: 3/19
  8683 | D:6      | HP: 3/68 [wight (4)]
  9317 | D:6      | Learned a level 4 spell: Sticky Flame
  9860 | D:7      | Noticed a two-headed ogre
  9865 | D:7      | Killed a two-headed ogre
  9866 | D:7      | Reached skill level 9 in Fire Magic
 10107 | D:7      | Found a runed translucent door.
 10299 | D:7      | Reached skill level 1 in Shields
 10302 | D:7      | Reached skill level 1 in Armour
 10307 | D:7      | Reached skill level 1 in Dodging
 10312 | D:7      | Slain by an orc warrior

Illustrated notes

Levels and vault maps discovered:
D:1:      minmay_arrival_arboretum_small, layout_basic
D:2:      layout_basic
D:3:      layout_loops_cross, serial_shops, nicolae_shop_hallway_stairs,
          ebering_ecumenical_altar_ruins, uniq_sigmund
D:4:      layout_loops_corners, kennysheep_generic_room_2, uniq_blork_the_orc,
          uniq_edmund, uniq_robin
D:5:      layout_cave_pools, corexii_corridor_pit, minmay_lizard_king,
          uniq_eustachio, uniq_ijyb, uniq_duvessa, uniq_prince_ribbit1
D:6:      layout_basic, minmay_temple_entry_oklob, serial_curves,
          eino_curves_04, eino_curves_03, eino_curves_04, eino_curves_02,
          uniq_grinder, uniq_pikel, uniq_crazy_yiuf_cottage
D:7:      nzn_winding_woodlands_stair_cross [nzn_winding_woodlands_5x15_default,
          nzn_winding_woodlands_center_diamonds,
          nzn_winding_woodlands_5x15_crooked,
          nzn_winding_woodlands_5x5_closed_star,
          nzn_winding_woodlands_5x5_cross, nzn_winding_woodlands_5x15_default,
          nzn_winding_woodlands_center_lodge,
          nzn_winding_woodlands_5x15_sidewinder], layout_rooms, serial_shops,
          shop, minmay_shop_grid_forest, lightli_church_of_beogh
Temple:   kilobyte_greek_temple

Skill      XL: |  1  2  3  4  5  6  7  8  9 10 |
---------------+-------------------------------+-----
Spellcasting   | 2 4 5 6 |  6.1
Fire Magic     | 5 6 8 9 |  9.5
Fighting       | 4 6 7 |  7.3
Polearms       | 4 5 |  5.4
Stealth        | 6 7 |  7.1
Shields        | 1 |  1.4
Armour         | 1 |  1.3
Dodging        | 1 |  1.0

Action                   |  1- 3 |  4- 6 |  7- 9 | 10-12 || total
-------------------------+-------+-------+-------+-------++-------
Melee: Spear             |    55 |    76 |    99 |       ||   230
       Punch             |     1 |     2 |     2 |       ||     5
       Quarterstaff      |       |       |     8 |    47 ||    55
 Cast: Scorch            |    18 |    41 |   128 |    26 ||   213
Invok: Fiery Armour      |     1 |       |     4 |     2 ||     7
       Foxfire Swarm     |       |       |     1 |       ||     1
 Abil: Dig               |       |       |     4 |     1 ||     5
  Use: Potion            |       |       |     1 |       ||     1
       Scroll            |       |       |     3 |       ||     3
Armor: Robe              |    12 |     4 |    20 |       ||    36
       Leather armour    |       |       |    35 |    24 ||    59
Dodge: Dodged            |    31 |    38 |   109 |    29 ||   207
Block: Buckler           |       |       |       |     3 ||     3
